[Event "Titled Tuesday Blitz February 01 A 2022"]
[White "Nesterov, Arseniy"]
[Black "Hayrapetyan, Hovik"]
[WhiteFideId "24198455"]
[BlackFideId "13302639"]
[WhiteElo "2904"]
[BlackElo "2800"]
[Result "0-1"]
[Round "06"]
[TimeControl "180+1"]
[Date "2022.02.01"]
[WhiteClock "0:00:04"]
[BlackClock "0:00:06"]

1. d4 Nf6 2. c4 g6 3. Nc3 Bg7 4. e4 O-O 5. Be2 d6 6. Be3 Nc6 7. d5 Nb8 8. Nf3 Bg4 9. O-O c6 10. h3 Bxf3 11. Bxf3 cxd5 12. exd5 Nbd7 13. Be2 Qa5 14. Rc1 Rac8 15. Re1 a6 16. a4 Qb4 17. b3 Nc5 18. Bxc5 Rxc5 19. Na2 Qa3 20. Qc2 Rc7 21. Nc3 Nd7 22. Bf1 Nc5 23. Rb1 Bxc3 24. Qxc3 Re8 25. Re3 Nd7 26. Rbe1 Nf6 27. Qd4 Qc5 28. Qd2 a5 29. g3 h5 30. h4 Ng4 31. Re4 Nf6 32. R4e2 b6 33. Bh3 Kg7 34. Kg2 Ra7 35. Qd3 Rc7 36. f4 Ra7 37. f5 b5 38. axb5 a4 39. fxg6 fxg6 40. bxa4 Kf7 41. Be6+ Kg7 42. a5 Rxa5 43. Bd7 Ra3 44. Qxa3 Qxa3 45. Bxe8 Ng4 46. Rxe7+ Kh6 47. Bd7 Ne5 48. R7xe5 dxe5 49. Be6 Qc3 50. Re4 Qc2+ 51. Kf3 Qd3+ 52. Re3 Qxc4 53. b6 e4+ 54. Rxe4 Qb3+ 55. Kf4 Qxb6 56. Kf3 Qb3+ 57. Re3 Qb4 58. Rd3 Qc4 59. Ke3 Qc1+ 60. Kd4 Qb2+ 61. Ke4 Qe2+ 62. Kd4 Qb2+ 63. Rc3 Qd2+ 64. Kc4 Kg7 65. Bd7 Kf6 66. Bc6 Ke5 67. Rb3 Qd4+ 68. Kb5 Kd6 69. Rb4 Qc5+ 70. Ka4 Qc2+ 71. Rb3 Kc5 72. Bb5 Kxd5 73. Kb4 Qd2+ 74. Ka4 Kc5 75. Bd3 Qc1 76. Ra3 Qd1+ 77. Rb3 Qa1+ 78. Ra3 Qd4+ 79. Kb3 Qxd3+ 80. Kb2 Qd2+ 81. Kb1 Qd1+ 82. Kb2 Qe2+ 83. Kb1 Kb4 84. Ra7 Qf1+ 85. Kc2 Qf2+ 86. Kd3 Qxa7 0-1


[Site "https://www.chess.com"]

[Event "Titled Tuesday Blitz February 01 A 2022"]
[White "Onyshchuk, Volodymyr"]
[Black "Dubov, Daniil"]
[WhiteFideId "14114038"]
[BlackFideId "24126055"]
[WhiteElo "2847"]
[BlackElo "3071"]
[Result "1-0"]
[Round "06"]
[TimeControl "180+1"]
[Date "2022.02.01"]
[WhiteClock "0:01:45"]
[BlackClock "0:00:04"]

1. e4 c6 2. d4 d5 3. Nc3 dxe4 4. Nxe4 Nf6 5. Nxf6+ exf6 6. c3 Bd6 7. Bd3 Nd7 8. Ne2 Nf8 9. Bf4 Ng6 10. Bg3 O-O 11. Qc2 Re8 12. O-O-O Be6 13. h4 Bxg3 14. Nxg3 Qa5 15. h5 Nf4 16. Bxh7+ Kh8 17. a3 Qb6 18. Qd2 Qc7 19. Be4 Bd5 20. Rh4 Bxe4 21. Rxf4 Bh7 22. h6 g5 23. Rxf6 Qb6 24. Qxg5 Rg8 25. Qe5 Rae8 26. Re6+ f6 27. Qxf6+ Rg7 28. Qxg7# 1-0


[Site "https://www.chess.com"]

[Event "Titled Tuesday Blitz February 01 A 2022"]
[White "Postny, Evgeny"]
[Black "Kouskoutis, Georgios-Alexandros"]
[WhiteFideId "2804344"]
[BlackFideId "4234049"]
[WhiteElo "2483"]
[BlackElo "2130"]
[Result "1-0"]
[Round "06"]
[TimeControl "180+1"]
[Date "2022.02.01"]
[WhiteClock "0:00:56"]
[BlackClock "0:00:01"]

1. e4 c5 2. Nf3 e6 3. d4 cxd4 4. Nxd4 Nc6 5. Nb5 d6 6. c4 Nf6 7. N5c3 Be7 8. Be2 O-O 9. O-O b6 10. Be3 Bb7 11. Nd2 Ne5 12. h3 Rc8 13. f4 Ned7 14. Bf3 Qc7 15. Rc1 Qb8 16. Qe2 Qa8 17. Bf2 Rfe8 18. e5 Bxf3 19. Nxf3 Nh5 20. Qd2 Nc5 21. exd6 Red8 22. Bxc5 bxc5 23. d7 Rc7 24. Ne5 f6 25. Nb5 Rb7 26. Qd1 Ng3 27. Qg4 fxe5 28. Qxg3 exf4 29. Qxf4 Rbxd7 30. Qf7+ Kh8 31. Qxe6 Bg5 32. Rce1 Rd2 33. Rf3 1-0


[Site "https://www.chess.com"]

[Event "Titled Tuesday Blitz February 01 A 2022"]
[White "Pranav, V"]
[Black "Santos Ruiz, Miguel"]
[WhiteFideId "25060783"]
[BlackFideId "22291482"]
[WhiteElo "2349"]
[BlackElo "2486"]
[Result "1-0"]
[Round "06"]
[TimeControl "180+1"]
[Date "2022.02.01"]
[WhiteClock "0:00:05"]
[BlackClock "0:00:03"]

1. e4 c5 2. Nf3 Nc6 3. Bb5 g6 4. O-O Bg7 5. c3 e5 6. d3 Nge7 7. a3 O-O 8. b4 d5 9. bxc5 dxe4 10. dxe4 Qa5 11. a4 Rd8 12. Qb3 Be6 13. Bc4 Bxc4 14. Qxc4 h6 15. Be3 Rd7 16. Nbd2 Rad8 17. Nb3 Qc7 18. a5 a6 19. h3 Qc8 20. Qe2 Kh7 21. Nfd2 Rd3 22. Rfc1 Qe6 23. Rab1 f5 24. exf5 gxf5 25. Nf1 Ng6 26. Bd2 e4 27. Nd4 Qd5 28. Nxc6 bxc6 29. c4 Rxd2 30. Nxd2 Qxd2 31. Qh5 e3 32. fxe3 Qxe3+ 33. Kh1 Rd2 34. Rg1 Qe4 35. Rb7 Kh8 36. Qxg6 Qe5 37. Ra7 Rd8 38. Rxa6 Qf4 39. Ra7 Rg8 40. Rf7 Qe3 41. Qxf5 Qg3 42. a6 Qe3 43. a7 Qa3 44. Rb7 Qg3 45. Rb8 Rxb8 46. axb8=Q+ Qxb8 47. Rd1 Qe8 48. Qd7 Qe2 49. Qd8+ Kh7 50. Qd3+ Qxd3 51. Rxd3 1-0


[Site "https://www.chess.com"]

[Event "Titled Tuesday Blitz February 01 A 2022"]
[White "Rustemov, Alexander"]
[Black "Kozlov, Gennady"]
[WhiteFideId "4119002"]
[BlackFideId "4191668"]
[WhiteElo "2779"]
[BlackElo "2392"]
[Result "1-0"]
[Round "06"]
[TimeControl "180+1"]
[Date "2022.02.01"]
[WhiteClock "0:00:17"]
[BlackClock "0:00:27"]

1. d4 Nf6 2. c4 e6 3. Nf3 b6 4. a3 Bb7 5. Nc3 Be7 6. Qc2 d5 7. cxd5 exd5 8. Bg5 O-O 9. e3 c5 10. Bd3 h6 11. Bh4 Nbd7 12. O-O c4 13. Bf5 a6 14. a4 Re8 15. b3 Nf8 16. Rfb1 g6 17. Bxf6 Bxf6 18. Bh3 Ne6 19. g3 Rc8 20. bxc4 dxc4 21. Bg2 Qd6 22. Qb2 Bd8 23. Qb4 Qxb4 24. Rxb4 Ng7 25. Ne5 Bxg2 26. Kxg2 Nf5 27. Rxc4 Rxc4 28. Nxc4 Re6 29. d5 Re7 30. d6 Re6 31. Rd1 Kf8 32. e4 Ng7 33. f4 b5 34. axb5 axb5 35. Nxb5 Rxe4 36. Ne5 Ne8 37. Kf3 Rb4 38. Rd5 Nf6 39. Rc5 Bb6 40. Rc8+ Kg7 41. Nc7 Rb3+ 42. Ke2 Ne4 43. d7 Re3+ 44. Kd1 Nf2+ 45. Kc2 Re2+ 46. Kb3 Re3+ 47. Ka4 Re4+ 48. Kb5 Bxc7 49. Rxc7 Rd4 50. Nc6 Rd5+ 51. Kc4 Rxd7 52. Rxd7 Kf6 53. Ne5 g5 54. Rxf7+ Ke6 55. Rh7 gxf4 56. gxf4 Ng4 57. Nxg4 1-0


[Site "https://www.chess.com"]

[Event "Titled Tuesday Blitz February 01 A 2022"]
[White "Sadhwani, Raunak"]
[Black "Corrales Jimenez, Fidel"]
[WhiteFideId "35093487"]
[BlackFideId "3506690"]
[WhiteElo "2991"]
[BlackElo "2836"]
[Result "1-0"]
[Round "06"]
[TimeControl "180+1"]
[Date "2022.02.01"]
[WhiteClock "0:00:07"]
[BlackClock "0:00:06"]

1. d4 Nf6 2. Nf3 g6 3. Nc3 Bg7 4. e4 d6 5. Be3 Bg4 6. Be2 Nc6 7. d5 Bxf3 8. Bxf3 Ne5 9. Be2 c6 10. O-O O-O 11. a4 a5 12. Bd4 Rc8 13. Re1 e6 14. dxe6 fxe6 15. Qd2 Qe7 16. Rad1 Ne8 17. f4 Nd7 18. Bxg7 Kxg7 19. Bf3 e5 20. f5 gxf5 21. exf5 Ndf6 22. g4 h6 23. h4 Nh7 24. Qh2 Nef6 25. Kh1 Rce8 26. Rg1 e4 27. g5 exf3 28. gxf6+ Kxf6 29. Rxd6+ Kf7 30. Re6 Qd8 31. Qe5 Qxh4+ 32. Qh2 Qxh2+ 33. Kxh2 Rxe6 34. fxe6+ Kxe6 35. Re1+ Kd7 36. Kg3 Ng5 37. Rh1 h5 38. Kf2 Rf5 39. Ke3 b5 40. axb5 cxb5 41. Nd1 Nf7 42. Ke4 Ke6 43. Nf2 Ne5 44. Nh3 Ng4 45. Nf4+ Kf6 46. Kxf3 Ne5+ 47. Ke4 Rg5 48. Nxh5+ Ke7 49. Nf4 Nc4 50. b3 Nd6+ 51. Kf3 Kd7 52. Ra1 b4 53. Nd3 Nb5 54. Kf4 Rg2 55. Rxa5 Nc7 56. Nxb4 Rh2 57. Ke3 Rh3+ 58. Kd2 Ne6 59. Nd3 Nd4 60. Rc5 Rh2+ 61. Kc1 Kd6 62. Kb2 Ne2 63. Rc4 Ng3 64. Nc5 Nf5 65. Ne4+ Ke5 66. Nc3 Ke6 67. Re4+ Kd6 68. Re2 Rh3 69. Rd2+ Kc5 70. Na2 Nd4 71. Nc1 Nb5 72. Nd3+ Kb6 73. Rf2 Rh7 74. c4 Nd4 75. Kc3 Nc6 76. b4 Rh3 77. Rf6 Kc7 78. Rf7+ Kd6 79. c5+ Kd5 80. Rd7+ Ke4 81. Rd6 Ne5 82. Rd4+ Kf5 83. Rd5 Kf6 84. Rxe5 Rh1 85. Rd5 Ke6 86. Rd6+ Ke7 87. Kc4 Rh3 88. Kb5 Rh8 89. Ne5 Rb8+ 90. Kc4 1-0


[Site "https://www.chess.com"]

[Event "Titled Tuesday Blitz February 01 A 2022"]
[White "Shimanov, Aleksandr"]
[Black "Panesar Vedant"]
[WhiteFideId "4198603"]
[BlackFideId "35033018"]
[WhiteElo "2636"]
[BlackElo "1971"]
[Result "1-0"]
[Round "06"]
[TimeControl "180+1"]
[Date "2022.02.01"]
[WhiteClock "0:00:10"]
[BlackClock "0:00:09"]

1. e4 c5 2. Nf3 d6 3. Nc3 Nf6 4. e5 dxe5 5. Nxe5 a6 6. a4 Qc7 7. Nc4 Nc6 8. d3 Be6 9. Be3 Bxc4 10. dxc4 e6 11. Bd3 Bd6 12. h3 O-O 13. O-O Rfd8 14. Qe2 b6 15. f4 Nb4 16. g4 Nxd3 17. cxd3 Qc6 18. Rad1 Ra7 19. g5 Ne8 20. f5 exf5 21. Rxf5 Nc7 22. Rdf1 Ne6 23. Nd5 Re8 24. Qf3 Qb7 25. h4 Nf8 26. h5 Be5 27. a5 Bxb2 28. axb6 Rxe3 29. Nxe3 Qxf3 30. R1xf3 Rb7 31. Nd5 a5 32. Kg2 a4 33. Rf2 a3 34. Rf1 a2 35. R5f2 a1=Q 36. Rxa1 Bxa1 37. Ra2 Be5 38. Ra7 Rb8 39. Ne7+ Kh8 40. Nc6 Rc8 41. Nxe5 Ne6 42. Nxf7+ Kg8 43. b7 Rf8 44. Ra8 Nf4+ 45. Kh2 Kxf7 46. Rxf8+ Kxf8 47. b8=Q+ Ke7 48. Qxf4 Ke6 49. Qe4+ Kf7 50. Qxh7 Ke6 51. Qg6+ Ke5 52. Qxg7+ Kf4 53. h6 Ke3 54. h7 Kxd3 55. h8=Q 1-0


[Site "https://www.chess.com"]

[Event "Titled Tuesday Blitz February 01 A 2022"]
[White "Shirov, Alexei"]
[Black "Paravyan, David"]
[WhiteFideId "2209390"]
[BlackFideId "4194985"]
[WhiteElo "2899"]
[BlackElo "3022"]
[Result "0-1"]
[Round "06"]
[TimeControl "180+1"]
[Date "2022.02.01"]
[WhiteClock "0:01:39"]
[BlackClock "0:02:24"]

1. e4 e5 2. Nf3 Nf6 3. Nc3 Nc6 4. d4 exd4 5. Nxd4 Bb4 6. Nxc6 bxc6 7. Bd3 O-O 8. O-O d5 9. Bd2 Rb8 10. Re1 Bg4 11. f3 Be6 12. e5 Nd7 13. f4 Nc5 14. Qf3 Nxd3 15. cxd3 Qd7 16. d4 c5 17. Be3 cxd4 18. Bxd4 c5 19. Bf2 d4 20. a3 dxc3 21. axb4 cxb2 22. Rad1 Qc8 23. Bxc5 Bg4 24. Qd3 Bxd1 25. Rxd1 Rd8 26. Bd6 Rxb4 0-1


[Site "https://www.chess.com"]

[Event "Titled Tuesday Blitz February 01 A 2022"]
[White "Svane, Frederik"]
[Black "Markov, Mikhail"]
[WhiteFideId "12923044"]
[BlackFideId "13800698"]
[WhiteElo "2459"]
[BlackElo "2268"]
[Result "1-0"]
[Round "06"]
[TimeControl "180+1"]
[Date "2022.02.01"]
[WhiteClock "0:00:04"]
[BlackClock "0:00:10"]

1. e4 c5 2. c3 d5 3. exd5 Qxd5 4. Nf3 Nc6 5. d4 Bf5 6. Be3 Rd8 7. Be2 cxd4 8. cxd4 Bxb1 9. Rxb1 e5 10. O-O exd4 11. Bg5 Be7 12. Re1 h6 13. Bh4 d3 14. Bf1 g5 15. Bg3 Nf6 16. Ne5 Nxe5 17. Rxe5 Qd7 18. Re3 d2 19. Rd3 Qf5 20. Qxd2 O-O 21. Re1 Ne4 22. Qe3 Nxg3 23. Qxe7 Rxd3 24. Bxd3 Qxd3 25. hxg3 Qd5 26. a3 Rc8 27. Qf6 Qc6 28. Qf5 Rc7 29. Kh2 Kg7 30. Qe5+ Kh7 31. Rd1 Rc8 32. Rd6 Qc2 33. Qf6 Qg6 34. Qe7 Rc1 35. Rxg6 Kxg6 36. Qxb7 Rb1 37. Qe4+ f5 38. Qxb1 1-0


[Site "https://www.chess.com"]

[Event "Titled Tuesday Blitz February 01 A 2022"]
[White "Sviridov, Valery"]
[Black "Yeletsky, Ivan"]
[WhiteFideId "4120680"]
[BlackFideId "24180327"]
[WhiteElo "2980"]
[BlackElo "2815"]
[Result "1-0"]
[Round "06"]
[TimeControl "180+1"]
[Date "2022.02.01"]
[WhiteClock "0:01:07"]
[BlackClock "0:00:03"]

1. Nf3 c5 2. g3 Nc6 3. Bg2 g6 4. c4 Bg7 5. Nc3 d6 6. O-O e5 7. Ne1 Be6 8. Nd5 Nge7 9. Nc2 O-O 10. Rb1 Rb8 11. b4 b5 12. bxc5 bxc4 13. Rxb8 Qxb8 14. Nxe7+ Nxe7 15. cxd6 Qxd6 16. Ba3 Qd7 17. Ne3 Rd8 18. Qc2 Nc6 19. Rb1 Nd4 20. Qd1 Nb5 21. Bb4 c3 22. a4 Qxd2 23. Qxd2 cxd2 24. axb5 Bh6 25. Rd1 Rd4 26. Bc3 Bb3 27. Rxd2 Rxd2 28. Bxd2 Ba4 29. Bc3 Bxb5 30. Bxe5 Bxe2 31. Bc3 Bc4 32. Nxc4 1-0


[Site "https://www.chess.com"]

[Event "Titled Tuesday Blitz February 01 A 2022"]
[White "Sychev, Klementy"]
[Black "Shyaamnikhil P"]
[WhiteFideId "4114060"]
[BlackFideId "5024218"]
[WhiteElo "2564"]
[BlackElo "2292"]
[Result "0-1"]
[Round "06"]
[TimeControl "180+1"]
[Date "2022.02.01"]
[WhiteClock "0:00:01"]
[BlackClock "0:00:56"]

1. d4 Nf6 2. c4 c5 3. d5 b5 4. cxb5 a6 5. bxa6 g6 6. Nc3 Bxa6 7. Nf3 Bg7 8. e4 Bxf1 9. Kxf1 d6 10. g3 O-O 11. Kg2 Na6 12. Re1 Nd7 13. Bg5 Qb6 14. Re2 Rfe8 15. Qd2 Nb4 16. Bh6 Bh8 17. a3 c4 18. Be3 Qb7 19. Bd4 Ne5 20. Bxe5 dxe5 21. Rb1 Nd3 22. Ne1 Nc5 23. Qe3 Nb3 24. f3 Nd4 25. Rf2 Reb8 26. f4 Qc7 27. h4 exf4 28. gxf4 Rb3 29. h5 Bg7 30. hxg6 hxg6 31. Rd1 Nb5 32. Nxb5 Rxb5 33. e5 Rb3 34. Qe4 Rab8 35. Rdd2 c3 36. bxc3 Qxc3 37. Rd3 Qc8 38. a4 Qg4+ 39. Kf1 R3b4 40. Qf3 Qxf3 41. Nxf3 Rxa4 42. Ng5 Rbb4 43. Rdf3 Bh6 44. Nh3 Rd4 45. f5 Rxd5 46. fxg6 fxg6 0-1


[Site "https://www.chess.com"]

[Event "Titled Tuesday Blitz February 01 A 2022"]
[White "Szpar, Milosz"]
[Black "Demchenko, Anton"]
[WhiteFideId "1184989"]
[BlackFideId "4160258"]
[WhiteElo "2736"]
[BlackElo "2899"]
[Result "0-1"]
[Round "06"]
[TimeControl "180+1"]
[Date "2022.02.01"]
[WhiteClock "0:00:01"]
[BlackClock "0:00:31"]

1. e4 e5 2. Nf3 Nc6 3. Bb5 a6 4. Ba4 Nge7 5. O-O d6 6. c3 Bd7 7. d4 Ng6 8. Re1 Be7 9. Nbd2 O-O 10. Nf1 b5 11. Bb3 exd4 12. cxd4 Na5 13. Bc2 c5 14. d5 Nc4 15. h3 Bf6 16. Rb1 b4 17. Ng3 Nge5 18. Nh5 Nxf3+ 19. Qxf3 Bd4 20. Qg3 g6 21. Bh6 Kh8 22. Bxf8 Qxf8 23. Nf4 Nxb2 24. Ne2 Bg7 25. Rbc1 a5 26. f4 Re8 27. Kh1 a4 28. Ng1 c4 29. e5 b3 30. axb3 axb3 31. Bb1 Bf5 32. Bxf5 gxf5 33. exd6 Rd8 34. Re2 Qxd6 35. Rce1 Rf8 36. Re8 c3 37. Rxf8+ Qxf8 38. Qe3 h6 39. Qb6 Nd3 40. Re3 c2 41. Qb5 c1=Q 0-1


[Site "https://www.chess.com"]

[Event "Titled Tuesday Blitz February 01 A 2022"]
[White "Terry, Renato"]
[Black "Jobava, Baadur"]
[WhiteFideId "3803457"]
[BlackFideId "13601520"]
[WhiteElo "2760"]
[BlackElo "2946"]
[Result "1/2-1/2"]
[Round "06"]
[TimeControl "180+1"]
[Date "2022.02.01"]
[WhiteClock "0:00:04"]
[BlackClock "0:00:13"]

1. e4 e6 2. d4 d5 3. exd5 exd5 4. Nf3 Nf6 5. Bd3 Bd6 6. Qe2+ Qe7 7. Qxe7+ Kxe7 8. O-O Re8 9. Bg5 h6 10. Re1+ Be6 11. Bh4 Nd7 12. Nbd2 Kf8 13. c3 Nh5 14. Nb3 g5 15. Bg3 Nxg3 16. hxg3 a5 17. a4 Kg7 18. Nfd2 c6 19. Nf1 f5 20. Re2 f4 21. Rae1 Bf7 22. gxf4 Rxe2 23. Rxe2 gxf4 24. Nbd2 Kf6 25. Nh2 Rg8 26. Re1 Nf8 27. Ndf3 Nd7 28. Nd2 Nb6 29. Bc2 Nc4 30. Nxc4 dxc4 31. Nf3 Re8 32. Rxe8 Bxe8 33. Nd2 b5 34. Ne4+ Ke6 35. Nxd6 Kxd6 36. axb5 cxb5 37. Kf1 Bc6 38. g3 fxg3 39. fxg3 b4 40. cxb4 axb4 41. Kf2 Bd5 42. Ke3 Ke6 43. Ba4 Kf5 44. Bd1 Kg5 45. Be2 Bf7 46. Bf1 Kg4 47. Kf2 Bd5 48. Be2+ Kh3 49. Bf1+ Kh2 50. Be2 c3 51. bxc3 bxc3 52. Bd3 Bb3 53. Ke3 Kxg3 54. Be4 h5 55. d5 h4 56. d6 Ba4 57. Kd3 c2 58. Kd2 h3 59. Bxc2 Bc6 60. Be4 Bxe4 61. d7 h2 62. d8=Q h1=Q 63. Qg5+ Kf3 64. Qe3+ Kg4 65. Qe2+ Bf3 66. Qc4+ Kg3 67. Qc7+ Kf2 68. Qc5+ Kg3 69. Qg5+ Bg4 70. Qe5+ Kh3 71. Qh8+ Kg2 72. Qxh1+ Kxh1 1/2-1/2


[Site "https://www.chess.com"]

[Event "Titled Tuesday Blitz February 01 A 2022"]
[White "Vasquez Schroeder, Rodrigo"]
[Black "Le, Tuan Minh"]
[WhiteFideId "3400042"]
[BlackFideId "12401153"]
[WhiteElo "2849"]
[BlackElo "3016"]
[Result "1-0"]
[Round "06"]
[TimeControl "180+1"]
[Date "2022.02.01"]
[WhiteClock "0:01:38"]
[BlackClock "0:00:19"]

1. d4 d5 2. Nf3 Nf6 3. c4 c6 4. e3 Bf5 5. Nc3 e6 6. Nh4 Be4 7. f3 Bg6 8. Qb3 Qc7 9. g3 Be7 10. Bd2 O-O 11. Rc1 Qd7 12. Nxg6 hxg6 13. Be2 dxc4 14. Qxc4 b5 15. Qd3 a6 16. O-O Rc8 17. Rfd1 c5 18. dxc5 Bxc5 19. Ne4 Bb6 20. Nxf6+ gxf6 21. Qe4 Ra7 22. Bc3 Qc6 23. Bxf6 Qxc1 24. Qh4 Qxe3+ 25. Kh1 1-0


[Site "https://www.chess.com"]

[Event "Titled Tuesday Blitz February 01 A 2022"]
[White "Visakh N R"]
[Black "Tari, Aryan"]
[WhiteFideId "25012223"]
[BlackFideId "1510045"]
[WhiteElo "2454"]
[BlackElo "2567"]
[Result "1/2-1/2"]
[Round "06"]
[TimeControl "180+1"]
[Date "2022.02.01"]
[WhiteClock "0:00:07"]
[BlackClock "0:00:17"]

1. e4 c6 2. d4 d5 3. Nc3 dxe4 4. Nxe4 Nf6 5. Nxf6+ exf6 6. c3 Bd6 7. Bd3 O-O 8. Qc2 Re8+ 9. Ne2 h5 10. Be3 Nd7 11. O-O-O b5 12. Kb1 Nb6 13. Nf4 Bxf4 14. Bxf4 Be6 15. f3 a5 16. Rhe1 Qd5 17. b3 a4 18. b4 Nc4 19. Bc1 a3 20. Bh7+ Kf8 21. Be4 Qd7 22. Qf2 Nb2 23. Bxb2 axb2 24. d5 cxd5 25. Bxd5 Bxd5 26. Qc5+ Re7 27. c4 Kg8 28. Qxe7 Qf5+ 29. Kxb2 Rxa2+ 30. Kxa2 Qc2+ 31. Ka1 Qc3+ 32. Kb1 Qb3+ 33. Kc1 Qxc4+ 34. Kd2 Qd4+ 35. Kc2 Qc4+ 36. Kd2 Qd4+ 37. Kc2 Qc4+ 38. Kd2 1/2-1/2


[Site "https://www.chess.com"]

[Event "Titled Tuesday Blitz February 01 A 2022"]
[White "Vlassov, Nikolai"]
[Black "Wagner, Dennis"]
[WhiteFideId "4103360"]
[BlackFideId "24650684"]
[WhiteElo "2407"]
[BlackElo "2355"]
[Result "0-1"]
[Round "06"]
[TimeControl "180+1"]
[Date "2022.02.01"]
[WhiteClock "0:00:01"]
[BlackClock "0:00:04"]

1. e4 e5 2. Bc4 Nf6 3. d3 c6 4. Nf3 d5 5. Bb3 Bb4+ 6. c3 Bd6 7. Bg5 Be6 8. d4 dxe4 9. Nxe5 Bxe5 10. dxe5 Qxd1+ 11. Bxd1 Nfd7 12. Bf4 Na6 13. O-O Nac5 14. Nd2 O-O-O 15. Bc2 Nd3 16. Bg3 Nxb2 17. Nxe4 Nb6 18. f4 N2c4 19. f5 Bd5 20. Nd6+ Nxd6 21. exd6 Nc4 22. Bb3 Nxd6 23. Bxd5 cxd5 24. Rad1 Ne4 25. Be5 f6 26. Bd4 b6 27. a4 Kc7 28. Ra1 Rd6 29. a5 Kb7 30. Rfb1 Rc8 31. Rb3 Nd2 32. Rb5 Nc4 33. axb6 axb6 34. Kf2 Ra8 35. Rxa8 Kxa8 36. g4 Kb7 37. h4 Kc6 38. Rb1 Rd7 39. Kg3 Re7 40. g5 b5 41. gxf6 gxf6 42. Kg4 Re4+ 43. Kh5 Nd6 44. Ra1 Nxf5 45. Bxf6 b4 46. cxb4 Rxb4 47. Ra7 Ng3+ 48. Kh6 Rf4 49. Bg5 Re4 50. Kxh7 d4 51. Ra6+ Kd5 52. Ra8 d3 53. Rd8+ Kc4 54. Kg6 Rd4 0-1


[Site "https://www.chess.com"]

[Event "Titled Tuesday Blitz February 01 A 2022"]
[White "Wong, Yinn Long"]
[Black "Martinez Alcantara, Jose Eduardo"]
[WhiteFideId "5707684"]
[BlackFideId "3805662"]
[WhiteElo "2862"]
[BlackElo "2994"]
[Result "0-1"]
[Round "06"]
[TimeControl "180+1"]
[Date "2022.02.01"]
[WhiteClock "0:00:08"]
[BlackClock "0:00:27"]

1. d4 Nf6 2. Bf4 d5 3. e3 e6 4. Nd2 c5 5. c3 Bd6 6. Bg3 Qc7 7. dxc5 Qxc5 8. Ngf3 Nbd7 9. Bd3 O-O 10. Qe2 h6 11. e4 dxe4 12. Bxe4 Rb8 13. O-O Bxg3 14. hxg3 b5 15. Rad1 b4 16. Nb3 Qc7 17. Rc1 Nxe4 18. Qxe4 Bb7 19. Qe3 bxc3 20. Rxc3 Qb6 21. Qf4 Rbc8 22. Rfc1 Rxc3 23. Rxc3 Bd5 24. Qd4 Rb8 25. Qxb6 axb6 26. a3 Kf8 27. Rc7 Ke8 28. Nbd4 Kd8 29. Nb5 e5 30. Nd2 Rc8 31. Rxc8+ Kxc8 32. f3 Nc5 33. Nc4 Bxc4 34. Nd6+ Kc7 35. Nxc4 Nd3 36. b3 f6 37. Kf1 Kc6 38. Ke2 Nc1+ 39. Kd2 Nxb3+ 40. Kc3 Nd4 41. Ne3 Ne2+ 42. Kb4 Nxg3 43. a4 h5 44. Nc4 Nf5 45. Kc3 Nh4 46. Ne3 g6 47. Kd3 Nf5 48. Nc2 Ne7 49. Nb4+ Kc5 50. Na6+ Kd6 51. Kc4 Nd5 52. Nb8 f5 53. Kb5 g5 54. Nc6 g4 55. Nd8 gxf3 56. gxf3 Ke7 57. Nc6+ Ke6 58. Nd8+ Kf6 59. Kc6 h4 60. Kxd5 h3 61. Kc6 h2 62. Kxb6 h1=Q 63. a5 Qxf3 64. a6 Qe3+ 65. Kb7 Qb3+ 66. Kc7 Qc4+ 67. Kb7 Qb5+ 68. Ka7 e4 69. Nb7 e3 70. Nd6 Qc5+ 71. Ka8 Qxd6 72. a7 Qc6+ 73. Kb8 Qb6+ 74. Ka8 Qxa7+ 75. Kxa7 e2 0-1


[Site "https://www.chess.com"]

[Event "Titled Tuesday Blitz February 01 A 2022"]
[White "Xiong, Jeffery"]
[Black "Kushagra, Mohan"]
[WhiteFideId "2047640"]
[BlackFideId "25033638"]
[WhiteElo "2727"]
[BlackElo "1886"]
[Result "1-0"]
[Round "06"]
[TimeControl "180+1"]
[Date "2022.02.01"]
[WhiteClock "0:00:54"]
[BlackClock "0:00:39"]

1. Nf3 Nf6 2. g3 g6 3. Bg2 Bg7 4. O-O O-O 5. d4 c5 6. d5 d6 7. Nc3 e6 8. e4 exd5 9. exd5 a6 10. a4 Re8 11. h3 h6 12. Nd2 Nbd7 13. Nc4 Ne5 14. Ne3 Rb8 15. a5 b5 16. axb6 Rxb6 17. f4 Ned7 18. Nc4 Rb4 19. Nxd6 Nh5 20. Nxe8 Qxe8 21. Kh2 Qd8 22. Qf3 f5 23. d6 Bb7 24. Nd5 Ndf6 25. Nxf6+ Bxf6 26. Qd3 Bxg2 27. Kxg2 Rd4 28. Qb3+ c4 29. Qf3 Qxd6 30. Be3 Re4 31. g4 Qe6 32. gxh5 Rxe3 33. Qa8+ Kg7 34. Rxa6 Re2+ 35. Kh1 Qe3 36. Qb7+ Be7 37. Rxg6+ Kh7 38. Qf3 Qd2 39. Rg2 1-0


[Site "https://www.chess.com"]

[Event "Titled Tuesday Blitz February 01 A 2022"]
[White "Zhigalko, Sergei"]
[Black "Goryachkina, Aleksandra"]
[WhiteFideId "13502956"]
[BlackFideId "4147103"]
[WhiteElo "2662"]
[BlackElo "2426"]
[Result "1/2-1/2"]
[Round "06"]
[TimeControl "180+1"]
[Date "2022.02.01"]
[WhiteClock "0:00:07"]
[BlackClock "0:00:07"]

1. e4 e6 2. d4 d5 3. e5 c5 4. c3 Nc6 5. Nf3 Nge7 6. Na3 a6 7. Nc2 Ng6 8. h4 Be7 9. h5 Nf8 10. dxc5 Nd7 11. h6 g6 12. Bf4 g5 13. Bg3 g4 14. Nfd4 Ncxe5 15. b4 Bf6 16. Be2 Rg8 17. Ne3 Bg5 18. Qc2 Qf6 19. Nxg4 Nxg4 20. Bxg4 Rg6 21. Kf1 Ne5 22. Bxe5 Qxe5 23. Re1 Qf6 24. Bf3 Kf8 25. Qe2 Bd7 26. Bg4 Re8 27. Nf3 Bf4 28. Bh5 Rxh6 29. g3 Bc7 30. Ne5 Bxe5 31. Qxe5 Qxe5 32. Rxe5 f6 33. Re1 Bc6 34. Kg2 d4+ 35. Bf3 Bxf3+ 36. Kxf3 Rxh1 37. Rxh1 dxc3 38. Rxh7 c2 39. Rh1 Rd8 40. Rc1 Rd4 41. a3 Rd3+ 42. Kg2 Rc3 43. Kf1 Ke7 44. Ke2 Rxa3 45. Rxc2 Rb3 46. c6 bxc6 47. Rxc6 Rxb4 48. Rxa6 Rb2+ 49. Kf3 Rb3+ 50. Kg2 f5 51. Ra7+ Kf6 52. Ra8 Rb2 53. Rf8+ Ke7 54. Ra8 Kf6 55. Rf8+ Ke7 56. Ra8 Kf6 1/2-1/2


[Site "https://www.chess.com"]

[Event "Titled Tuesday Blitz February 01 A 2022"]
[White "Abdrlauf, Elham"]
[Black "Onyshchuk, Volodymyr"]
[WhiteFideId "1533533"]
[BlackFideId "14114038"]
[WhiteElo "2334"]
[BlackElo "2642"]
[Result "1/2-1/2"]
[Round "07"]
[TimeControl "180+1"]
[Date "2022.02.01"]
[WhiteClock "0:00:05"]
[BlackClock "0:01:08"]

1. e4 g6 2. d4 Bg7 3. Nf3 d6 4. Be3 a6 5. c4 b6 6. Nc3 Bb7 7. Bd3 Nd7 8. O-O e6 9. Rc1 Ne7 10. b4 h6 11. d5 c5 12. bxc5 Nxc5 13. Bxc5 bxc5 14. e5 exd5 15. cxd5 O-O 16. Bc4 dxe5 17. d6 Nf5 18. Bd5 Bxd5 19. Qxd5 Qxd6 20. Rfd1 Qxd5 21. Nxd5 e4 22. Nd2 e3 23. Nxe3 Nxe3 24. fxe3 Rfd8 25. Rxc5 Rab8 26. Rc2 Rbc8 27. Rxc8 Rxc8 28. Nb3 Rc2 29. Rd2 Rxd2 30. Nxd2 Kf8 31. Kf2 Ke7 32. Ke2 Kd6 33. Kd3 Kc5 34. Ne4+ Kb4 35. Nd6 f5 36. h4 h5 37. e4 fxe4+ 38. Nxe4 Ka3 39. Kc4 Bf8 40. Ng5 Kxa2 41. Ne6 Be7 42. Nf4 Bxh4 43. Nxg6 Bd8 44. Kb4 Kb2 45. Nf4 h4 46. Ng6 Kc2 47. Nxh4 Bxh4 48. Ka5 Bg3 49. Kxa6 Kd2 50. Kb5 1/2-1/2


[Site "https://www.chess.com"]

[Event "Titled Tuesday Blitz February 01 A 2022"]
[White "Abdyzhapar, Asylbek"]
[Black "Neiksans, Arturs"]
[WhiteFideId "13800337"]
[BlackFideId "11601388"]
[WhiteElo "2331"]
[BlackElo "2447"]
[Result "0-1"]
[Round "07"]
[TimeControl "180+1"]
[Date "2022.02.01"]
[WhiteClock "0:00:18"]
[BlackClock "0:00:29"]

1. d4 Nf6 2. c4 e5 3. dxe5 Ng4 4. Bf4 Nc6 5. Nf3 Bb4+ 6. Nbd2 Qe7 7. a3 Bxd2+ 8. Qxd2 Ngxe5 9. Nxe5 Nxe5 10. e3 O-O 11. Qc3 d6 12. c5 Bg4 13. Bb5 a6 14. Ba4 Ng6 15. cxd6 cxd6 16. Bg3 Qe4 17. f3 Qxa4 18. fxg4 Qxg4 19. O-O Qe6 20. Rad1 d5 21. Rd4 Rfe8 22. Re1 Rac8 23. Qb3 Ne7 24. e4 Nc6 25. Rxd5 Ne7 26. Rd3 Qxb3 27. Rxb3 b5 28. Rd3 Rc6 29. h3 f6 30. Rd7 Ng6 31. Ra7 h5 32. Rd1 Re7 33. Rxe7 Nxe7 34. e5 Nf5 35. Bf4 g5 36. Bh2 g4 37. hxg4 hxg4 38. Rf1 g3 39. Rxf5 Rc1+ 40. Rf1 Rxf1+ 41. Kxf1 gxh2 0-1


[Site "https://www.chess.com"]